 Dungeon Crawl Stone Soup version 0.29.1-15-g9cfb28693d (webtiles) character file.

Game seed: 4869861728998385782

7 BigDaddyOpFi the Ruffian (level 1, 19/19 HPs)
             Began as a Troll Transmuter on Mar 7, 2023.
             Got out of the dungeon alive.
             The game lasted 00:00:30 (290 turns).

BigDaddyOpFi the Ruffian (Troll Transmuter)          Turns: 290, Time: 00:00:30

Health: 19/19      AC:  4    Str: 17    XL:     1   Next: 91%
Magic:  1/1        EV:  9    Int:  9    God:
Gold:   11         SH:  0    Dex: 10    Spells: 1/2 levels left

rFire   . . .      SeeInvis .     - Unarmed
rCold   . . .      Faith    .   (no shield)
rNeg    . . .      Spirit   .   a - +0 robe
rPois   .          Reflect  .   (helmet restricted)
rElec   .          Harm     .   (no cloak)
rCorr   .          Rampage  .   (gloves unavailable)
Will    .....                   (boots unavailable)
Stlth   +.........              (no amulet)
HPRegen 0.86/turn               (no ring)
MPRegen 0.07/turn               (no ring)

@: no status effects
A: large, unfitting armour, claws 3, regeneration 1, shaggy fur 1, tough skin 1
a: no special abilities


You escaped.
You visited 1 branch of the dungeon, and saw 1 of its levels.

You collected 11 gold pieces.

Inventory:

Armour
 a - a +0 robe (worn)
Scrolls
 c - a scroll of silence {unknown}
 d - a scroll of enchant weapon {unknown}
Potions
 b - a potion of lignification


   Skills:
 + Level 1.0 Fighting
 + Level 1.7 Dodging
 + Level 3.1 Unarmed Combat
 + Level 1.3 Spellcasting
 + Level 1.5 Transmutations


You had one spell level left.
You knew the following spells:

 Your Spells              Type           Power      Damage    Failure   Level
a - Beastly Appendage     Tmut           6%         N/A       19%         1

Your spell library contained the following spells:

 Spells                   Type           Power      Damage    Failure   Level
 Wereblood                Tmut           3%         N/A       28%         2
 Spider Form              Tmut/Pois      1%         N/A       61%         3
 Ice Form                 Ice/Tmut       1%         N/A       95%         4


Dungeon Overview and Level Annotations

Branches:
Dungeon (1/15)

Altars:


Innate Abilities, Weirdness & Mutations

You are too large for most types of armour.
You have claws for hands.
Your natural rate of healing is unusually fast.
You are covered in fur. (AC +1)
You have tough skin. (AC +1)


Message History

A kobold comes into view. It is wielding a +0 club.
The kobold shouts!
A frilled lizard comes into view.
The kobold moves out of view.
A frilled lizard is nearby!
A frilled lizard is nearby!
You miscast Beastly Appendage.
You are very lightly contaminated with residual magic.
Nothing appears to happen.
The frilled lizard hisses angrily.
The frilled lizard closely misses you.
You claw the frilled lizard!
You kill the frilled lizard!
You scratch the kobold.
The kobold is heavily wounded.
The kobold barely misses you.
You scratch the kobold.
You kill the kobold!
No target in view!
(D) Dungeon
Where to? (? - help)
Okay, then.
Your magical contamination has completely faded away.
A hobgoblin comes into view.
The hobgoblin shouts!
You can't go up here!
You scratch the hobgoblin.
The hobgoblin is almost dead.
The hobgoblin barely misses you.
You claw the hobgoblin!
You kill the hobgoblin!
Your Fighting skill increases to level 1!
You see here a hobgoblin corpse.
There is an open door here.
Things that are here:
a +0 dagger; 2 stones
There is a fountain of clear blue water here.
There is a staircase leading out of the dungeon here.
Are you sure you want to leave the Dungeon?
This will make you lose the game!
You have escaped!

#######################
#.....................#
#.............8...8...# ..
#..#########..........# .
...#≈≈≈≈≈≈≈#.⌠......⌠.# #
...#≈≈≈≈≈≈S#....@.....# #
...#≈≈≈≈≈≈≈#.⌠......⌠.# #
#..#########..........# #
#.............8...8...###########
#.....................#..........
####################### ######.##
.....÷#.....# .#.####...#.
#####)......### ........#.#.
######......#.. .#.####.#...


You could see an electric eel.

Vanquished Creatures
  A bat (D:1)
  A hobgoblin (D:1)
  A quokka (D:1)
  A frilled lizard (D:1)
  3 kobolds (D:1)
7 creatures vanquished.

Notes
Turn   | Place    | Note
-------+----------+-------------------------------------------
     0 | D:1      | BigDaddyOpFi the Troll Transmuter began the quest for the
                  | Orb.
     0 | D:1      | Reached XP level 1. HP: 18/18 MP: 1/1
     4 | D:1      | Noticed an electric eel
   205 | D:1      | Reached skill level 1 in Fighting
   290 | D:$      | Got out of the dungeon alive.

Illustrated notes

Levels and vault maps discovered:
D:1:      arrival_aquarium_a, layout_basic, serial_shops,
          nicolae_shop_competitors_out_of_business,
          minmay_misc_feat_secret_circle, minmay_lizard_king

Skill      XL: |  1 |
---------------+----+-----
Fighting       | 1 |  1.0
Dodging        | |  1.7
Unarmed Combat | |  3.1
Spellcasting   | |  1.3
Transmutations | |  1.5

Action                   || total
-------------------------++-------
Melee: Unarmed           ||    10
 Cast: Beastly Appendage ||     1
Armor: Robe              ||     2
Dodge: Dodged            ||     6
